 Dungeon Crawl Stone Soup version 0.20-a0-901-g27f6fa8 (webtiles) character file.

67 BrendanD the Slasher (level 3, 0/29 HPs)
             Began as a Demonspawn Berserker on Mar 19, 2017.
             Was a Believer of Trog.
             Succumbed to an adder's poison
             ... on level 2 of the Dungeon.
             The game lasted 00:03:15 (1294 turns).

BrendanD the Slasher (Demonspawn Berserker)         Turns: 1294, Time: 00:03:16

Health: 0/29       AC:  3    Str: 18    XL:     3   Next: 98%
Magic:  3/3        EV: 12    Int:  8    God:    Trog [**....]
Gold:   73         SH:  0    Dex: 12    Spells: 2/2 levels left

rFire    . . .     SeeInvis .   a - +0 falchion
rCold    . . .     Gourm    .   b - +0 animal skin
rNeg     . . .     Faith    .   (no shield)
rPois    .         Spirit   .   (no helmet)
rElec    .         Reflect  .   g - +0 cloak
rCorr    .         Harm     .   (no gloves)
MR       .....                  (no boots)
Stlth    +.........             (no amulet)
Regen    0.1/turn               (no ring)
MPRegen  0.1/turn               (no ring)

@: lethally poisoned (0 -> -11)
A: talons 2
a: Berserk, Trog's Hand, Burn Spellbooks, Renounce Religion


You were on level 2 of the Dungeon.
You worshipped Trog.
Trog was pleased with you.
You were not hungry.

You visited 1 branch of the dungeon, and saw 2 of its levels.

You collected 73 gold pieces.

Inventory:

Hand Weapons
 a - a +0 falchion (weapon)
Armour
 b - a +0 animal skin (worn)
 g - a +0 cloak (worn)
Scrolls
 d - a scroll of immolation {unknown}
 f - 5 scrolls of identify {unknown}
 h - a scroll of amnesia {unknown}
 j - a scroll of random uselessness {unknown}
 k - a scroll of teleportation {unknown}
 m - a scroll of remove curse {unknown}
Potions
 e - a potion of agility {unknown}
 i - 2 potions of haste {unknown}
 l - a potion of berserk rage {unknown}
Comestibles
 c - 3 bread rations
 n - a royal jelly


   Skills:
 - Level 3.0 Fighting
 + Level 4.4 Long Blades
 - Level 1.7 Armour
 - Level 1.7 Dodging


You had 2 spell levels left.
You didn't know any spells.

Dungeon Overview and Level Annotations

Branches:
Dungeon (2/15)

Altars:


Innate Abilities, Weirdness & Mutations

You have razor-sharp toenails.


Message History

The adder bites you.
* * * LOW HITPOINT WARNING * * *
You barely miss the adder. The adder bites you.
* * * LOW HITPOINT WARNING * * *
You are more poisoned.
The adder poisons you!
You closely miss the adder. Your kick misses the adder.
* * * LOW HITPOINT WARNING * * *
You feel sick. The adder closely misses you. The adder barely misses you.
You riposte.
You closely miss the adder. You closely miss the adder.
Your kick misses the adder.
* * * LOW HITPOINT WARNING * * *
You feel sick. The adder bites you.
* * * LOW HITPOINT WARNING * * *
You are more poisoned.
The adder poisons you!
You hit the adder.
You kill the adder!
Trog accepts your kill.
You die...

## #########
.#######.......##
..........####..##
.#####..### ##..#
.# ##..## #####.#
.###..## #...#.##
.....## #...@.#
..#..# ###.†.#
..#..+ ##..#
..##.# ...# ..##.#
...# ..##.. .#..#
..###.. ##..# ..#
#. ...# ..# #.


There were no monsters in sight!

Vanquished Creatures
  3 adders (D:2)
  2 dart slugs
  3 leopard geckos (D:1)
  2 giant cockroaches (D:1)
  6 goblins
  4 hobgoblins
  A quokka (D:2)
  6 bats
  2 frilled lizards (D:1)
  A kobold (D:1)
  3 rats
33 creatures vanquished.

Notes
Turn   | Place    | Note
-------+----------+-------------------------------------------
     0 | D:1      | BrendanD the Demonspawn Berserker began the quest for the Orb.
     0 | D:1      | Reached XP level 1. HP: 18/18 MP: 1/1
    39 | D:1      | Reached skill level 3 in Long Blades
   106 | D:1      | Gained mutation: You have sharp toenails. [demonic ancestry]
   106 | D:1      | Reached XP level 2. HP: 12/24 MP: 2/2
   697 | D:2      | Gained mutation: You have razor-sharp toenails. [demonic ancestry]
   697 | D:2      | Reached XP level 3. HP: 28/29 MP: 3/3
   707 | D:2      | Reached ** piety under Trog
   887 | D:2      | Reached skill level 4 in Long Blades
  1293 | D:2      | HP: 1/29 [adder (2)]
  1294 | D:2      | Succumbed to an adder's poison

Vault maps used:
D:1:      saegor_arrival_simple_f
D:2:      minmay_door_path, gammafunk_temple_overflow_claw,
          serial_park_tiny_pond, minmay_rat_gold_closets

Skill      XL: |  1  2  3 |
---------------+----------+-----
Long Blades    | 3 4 |  4.4
Fighting       | |  3.0
Armour         | |  1.7
Dodging        | |  1.7

Action                   || total
-------------------------++-------
Melee: Falchion          ||   105
       Kick              ||    15
Invok: Berserk           ||     1
 Stab: Distracted        ||     1
       Sleeping          ||     1
  Eat: Chunk             ||     2
Armor: Animal skin       ||    27
Dodge: Dodged            ||    78
       Rpst.: Falchion   ||    26
